 Dungeon Crawl Stone Soup version 0.29-a0-334-gb41bcbb86e (webtiles) character file.

Game seed: 10866506211815893796

297 Cecur the Slasher (level 6, -5/46 HPs)
             Began as a Demonspawn Gladiator on Apr 15, 2022.
             Was a Follower of Trog.
             Slain by a scorpion (7 damage)
             ... on level 4 of the Dungeon.
             The game lasted 00:03:04 (3959 turns).

Cecur the Slasher (Demonspawn Gladiator)            Turns: 3959, Time: 00:03:06

Health: -5/46      AC:  3    Str: 15    XL:     6   Next: 12%
Magic:  6/6        EV: 13    Int:  9    God:    Trog [*.....]
Gold:   224        SH:  0    Dex: 16    Spells: 5/5 levels left

rFire   . . .      SeeInvis .   a - +0 long sword
rCold   . . .      Faith    .   (no shield)
rNeg    . . .      Spirit   .   b - +0 leather armour
rPois   .          Reflect  .   (helmet restricted)
rElec   .          Harm     .   (no cloak)
rCorr   .          Rampage  .   (no gloves)
Will    .....                   (no boots)
Stlth   +.........              (no amulet)
HPRegen 0.15/turn               (no ring)
MPRegen 0.10/turn               (no ring)

@: lethally poisoned (-5 -> -24)
A: antennae 1, foul stench 2, powered by pain 1, demonic touch 1
a: Renounce Religion, Berserk


You were on level 4 of the Dungeon.
You worshipped Trog.
Trog was aware of your devotion.
You visited 1 branch of the dungeon, and saw 4 of its levels.

You collected 224 gold pieces.

Inventory:

Hand Weapons
 a - a +0 long sword (weapon)
Missiles
 d - 3 throwing nets (quivered)
 e - a javelin
Armour
 b - a +0 leather armour (worn)
 c - a +0 helmet
 p - a +0 cloak
 u - a +0 pair of gloves
Jewellery
 q - an amulet of magic regeneration
Scrolls
 f - a scroll of silence {unknown}
 g - a scroll of fear {unknown}
 h - 4 scrolls of teleportation {unknown}
 i - 2 scrolls of vulnerability {unknown}
 j - a scroll of summoning {unknown}
 k - 2 scrolls of identify {unknown}
 l - a scroll of immolation {unknown}
 m - 3 scrolls of brand weapon {unknown}
 r - a scroll of amnesia {unknown}
 s - 2 scrolls of magic mapping {unknown}
 v - a scroll of fog {unknown}
Potions
 n - 2 potions of curing {unknown}
 o - a potion of flight {unknown}
 t - a potion of brilliance {unknown}


   Skills:
 + Level 2.9 Fighting
 + Level 4.4 Long Blades
 + Level 1.8 Throwing
 + Level 2.3 Armour
 + Level 3.7 Dodging
 + Level 0.7 Stealth


You had 5 spell levels left.
You didn't know any spells.
Your spell library contained the following spells:

 Spells                   Type           Power      Damage    Failure   Level
 Animate Skeleton         Necr           0%         N/A       45%         1
 Magic Dart               Conj           0%         1d3       45%         1
 Pain                     Necr           0%         1d4       45%         1
 Corpse Rot               Necr/Air       0%         N/A       58%         2
 Poisonous Vapours        Pois/Air       0%         N/A       58%         2
 Searing Ray              Conj           0%         2d4       58%         2
 Vampiric Draining        Necr           0%         2d6       83%         3
 Fulminant Prism          Conj/Hex       0%         3d6       99%         4


Dungeon Overview and Level Annotations

Branches:
Dungeon (4/15)
 Temple: D:4-7

Altars:
Qazlal
Trog
Uskayaw
Xom
Yredelemnul

Shops:
D:2 [   D:4 :


Innate Abilities, Weirdness & Mutations

You have a pair of small antennae on your head.
You sometimes emit foul miasma when damaged in melee.
You sometimes gain a little power by taking damage.
Your touch may inflict minor irresistible damage on your foes.


Message History

You are too injured to fight recklessly!
You are too injured to fight recklessly!
You are too injured to fight recklessly!
You are too injured to fight recklessly!
You are too injured to fight recklessly!
You are too injured to fight recklessly!
You are too injured to fight recklessly!
You are too injured to fight recklessly!
You are too injured to fight recklessly!
You are too injured to fight recklessly!
You are too injured to fight recklessly!
You are too injured to fight recklessly!
You are too injured to fight recklessly!
You are too injured to fight recklessly!
You are too injured to fight recklessly!
You are too injured to fight recklessly!
You are too injured to fight recklessly!
You are too injured to fight recklessly!
You are too injured to fight recklessly!
You are too injured to fight recklessly!
You are too injured to fight recklessly!
You are too injured to fight recklessly!
You hit the scorpion but do no damage.
The scorpion is heavily wounded.
You feel sick. The scorpion misses you. The scorpion stings you.
You are more poisoned.
The scorpion poisons you!
You hit the scorpion but do no damage.
You touch the scorpion.
The scorpion is severely wounded.
* * * LOW HITPOINT WARNING * * *
You feel very sick.
The scorpion stings you but does no damage.
You hit the scorpion but do no damage.
The scorpion is severely wounded.
* * * LOW HITPOINT WARNING * * *
You feel sick. The scorpion stings you.
* * * LOW HITPOINT WARNING * * *
You are more poisoned.
The scorpion poisons you! The scorpion stings you!
You die...

.#..##..###..........###.........
##..##..###....###....##.........
.#..#...........###...###.......#
....#...........# ##............#
.........#.....######............
.........##......................
............####.####........##..
.#..........#.......##.......#...
#..........#†..@..†##...........
....##......#†..s...###..........
.... ..........._.....##.........
.. ..##....#.......#............
#..#.......#.......###.. #.
#.....†.#..#....# #.
####/####....#.## # #........†###
##.......


You could see a scorpion.

Vanquished Creatures
  A black bear (D:4)
  A phantom (D:4)
  An orc priest (D:4)
  3 adders
  An ufetubus (D:4)
  2 worms
  2 dart slugs
  2 orcs (D:4)
  4 ball pythons
  3 bats
  An endoplasm (D:4)
  6 giant cockroaches
  4 goblins
  7 hobgoblins
  6 jackals
  7 kobolds
  A quokka (D:3)
  3 frilled lizards
  6 rats
61 creatures vanquished.

Vanquished Creatures (others)
  2 plants (D:1)
2 creatures vanquished.

Grand Total: 63 creatures vanquished

Notes
Turn   | Place    | Note
-------+----------+-------------------------------------------
     0 | D:1      | Cecur the Demonspawn Gladiator began the quest for the Orb.
     0 | D:1      | Reached XP level 1. HP: 16/16 MP: 1/1
   214 | D:1      | Gained mutation: You may rarely emit foul miasma when
                  | damaged in melee. [demonic ancestry]
   214 | D:1      | Reached XP level 2. HP: 9/22 MP: 2/2
  1236 | D:2      | Reached skill level 3 in Long Blades
  1306 | D:2      | Gained mutation: You sometimes gain a little power by
                  | taking damage. [demonic ancestry]
  1306 | D:2      | Reached XP level 3. HP: 20/27 MP: 3/3
  1427 | D:2      | Reached skill level 1 in Armour
  1602 | D:2      | Found a faded altar of an unknown god.
  1687 | D:2      | Found Xitiucs's Armour Shoppe.
  2051 | D:2      | Prayed at the altar of an unknown god.
  2051 | D:2      | Became a worshipper of Trog the Wrathful
  2051 | D:2      | Reached * piety under Trog
  2748 | D:4      | Gained mutation: You sometimes emit foul miasma when
                  | damaged in melee. [demonic ancestry]
  2748 | D:4      | Reached XP level 4. HP: 34/34 MP: 4/4
  2762 | D:4      | Noticed a phantom
  2773 | D:4      | Killed a phantom
  2774 | D:4      | Discovered your monstrous ancestry.
  2774 | D:4      | Gained mutation: Your touch may inflict minor irresistible
                  | damage on your foes. [demonic ancestry]
  2774 | D:4      | Reached XP level 5. HP: 23/39 MP: 5/5
  2901 | D:4      | Found a bloodstained altar of Trog.
  2902 | D:4      | Found a stormy altar of Qazlal.
  2902 | D:4      | Found a basalt altar of Yredelemnul.
  2903 | D:4      | Found a shimmering altar of Xom.
  2949 | D:4      | Reached skill level 4 in Long Blades
  3108 | D:4      | Found Somumuv's Book Boutique.
  3118 | D:4      | Noticed a black bear
  3531 | D:4      | Killed a black bear
  3532 | D:4      | Gained mutation: You have a pair of small antennae on your
                  | head. [demonic ancestry]
  3532 | D:4      | Reached XP level 6. HP: 25/46 MP: 6/6
  3946 | D:4      | Found a hide-covered altar of Uskayaw.
  3959 | D:4      | HP: 2/46 [scorpion (6)]
  3959 | D:4      | Slain by a scorpion

Illustrated notes

Levels and vault maps discovered:
D:1:      giann_forest_graveyard, layout_basic, minmay_misc_feat_hallway,
          st_stairs_13, serial_bayou_ford_a, corexii_leaking_fountain,
          grunt_decor_mini_mirrors, amcnicky_mini_pool_small
D:2:      layout_basic, serial_shops, shop,
          dreamdust_ecumenical_altar_angels_and_demons,
          kennysheep_generic_room_15
D:3:      layout_basic
D:4:      layout_cave_pools, nicolae_uskayaw_murder_on_the_dancefloor,
          chequers_temple_overflow_statue_of_worship, amcnicky_altar_gilded,
          serial_shops, nicolae_stop_n_shop_2, kennysheep_windowed_goal

Skill      XL: |  1  2  3  4  5 |
---------------+----------------+-----
Dodging        | 3 |  3.7
Long Blades    | 3 4 |  4.4
Armour         | 1 2 |  2.3
Fighting       | |  2.9
Throwing       | |  1.8
Stealth        | |  0.7

Action                   |  1- 3 |  4- 6 || total
-------------------------+-------+-------++-------
Melee: Long sword        |   151 |    65 ||   216
       Punch             |     2 |     2 ||     4
       Touch             |       |    10 ||    10
 Stab: Sleeping          |       |     1 ||     1
Armor: Leather armour    |    56 |    17 ||    73
Dodge: Dodged            |   132 |    60 ||   192

Table legend: (Time is in decaauts)
 A = Elapsed time spent in this place.
 B = Non-inter-level travel time spent in this place.
 C = Inter-level travel time spent in this place.
 D = Time resting spent in this place.
 E = Time spent auto-exploring this place.
 F = Levels seen in this place.
 G = Mean time per level.
                   A        B        C        D        E       F      G
               +--------+--------+--------+--------+--------+-----+--------+
         Total |   4016 |   3905 |    111 |    384 |   3016 |   4 | 1004.0 |
       Dungeon |   4016 |   3905 |    111 |    384 |   3016 |   4 | 1004.0 |
               +--------+--------+--------+--------+--------+-----+--------+

Top non-repeatable levels by time:
     D:1: 1253 daAuts
     D:3: 1079 daAuts
     D:2: 853 daAuts
     D:4: 829 daAuts
